 Dungeon Crawl Stone Soup version 0.17-a0-755-g4391640 (webtiles) character file.

217 topher the Covert (level 5, 0/35 HPs)
             Began as an Octopode Assassin on Apr 22, 2015.
             Was an Initiate of Ashenzari.
             Slain by Grinder (1 damage)
             ... on level 3 of the Dungeon.
             The game lasted 00:08:13 (1531 turns).

topher the Covert (Octopode Assassin)               Turns: 1531, Time: 00:08:14

Health: 0/35       AC:  6    Str: 10    XL:     5   Next: 94%
Magic:  5/5        EV: 12    Int: 13    God:    Ashenzari [......]
Gold:   163        SH:  0    Dex: 15    Spells: 0 memorised, 4 levels left

rFire  . . .     SeeInvis .     s - +2 dagger (protect)
rCold  . . .     Clarity  .     (no shield)
rNeg   . . .     SustAb   .     (helmet restricted)
rPois  .         Gourm    .     (no amulet)
rElec  .         Spirit   .     (no ring)
rCorr  .         Warding  .     (no ring)
rMut   .         Stasis   .     (no ring)
MR     .....                    (no ring)
Stlth  ++++++....               (no ring)
                                (no ring)
                                (no ring)
                                (no ring)

@: not resistant to hostile enchantments, very stealthy
A: almost no armour, amphibious, 8 rings, constrict 8, camouflage 1, gelatinous
body 1
a: Renounce Religion


You were on level 3 of the Dungeon.
You worshipped Ashenzari.
Ashenzari was noncommittal.
You were full.

You visited 1 branch of the dungeon, and saw 3 of its levels.

You collected 163 gold pieces.

Inventory:

Hand weapons
 b - a +0 blowgun
 s - a +2 dagger of protection (weapon)
Missiles
 c - 8 poisoned needles
 d - 2 curare-tipped needles
 f - 4 needles of slowing
 i - 7 needles of confusion
 o - 7 javelins (quivered)
Magical devices
 q - a wand of teleportation (2)
Scrolls
 k - a scroll of identify {unknown}
 m - a scroll of fog {unknown}
 r - a scroll of recharging {unknown}
 t - a scroll of remove curse
Potions
 g - a potion of magic {unknown}
 j - 2 potions of might {unknown}
 l - a potion of heal wounds {unknown}
 n - a potion of flight {unknown}
Comestibles
 e - a bread ration
 h - a slice of pizza


   Skills:
 * Level 2.4 Fighting
 * Level 1.6 Short Blades
 + Level 2.1 Throwing
 + Level 1.6 Dodging
 * Level 8.7 Stealth


You had 4 spell levels left.
You didn't know any spells.

Dungeon Overview and Level Annotations

Branches:
Dungeon (3/15)

Altars:
Ashenzari
Cheibriados
Qazlal

Annotations:
D:3 Grinder


Innate Abilities, Weirdness & Mutations

You cannot wear most types of armour.
You are amphibious.
You can wear up to eight rings at the same time.
You can use your tentacles to constrict eight enemies at once.
Your skin changes colour to match your surroundings (Stealth).
Your rubbery body absorbs attacks (AC +1).


Message History

Drink which item? (? for menu, Esc to quit)
You feel better.
You constrict Grinder.
Grinder gestures.
Grinder blinks free!
Drink which item? (? for menu, Esc to quit)
You feel better.
Grinder gestures.
Grinder blinks!
Drink which item? (? for menu, Esc to quit)
Okay, then.
You hit Grinder. Your grab misses Grinder. Your squeeze misses Grinder.
Grinder is heavily wounded.
Grinder gestures at you. Pain shoots through your body!
You hit Grinder. You grab Grinder.
Grinder is heavily wounded.
You constrict Grinder. Grinder hits you!
* * * LOW HITPOINT WARNING * * *
You writhe in agony.
You die...

#.##...#.# ...'..[#.#
#.##...#.#
#.#......#####
#.###........########
#.............).....#
#####...............#
..................#
.......##....5@...#
##.....##.........#
......##.........#
..####...........
#.............
..%...........
............
.......### ....


You could see Grinder.

Vanquished Creatures
  The ghost of emiel the Changer, an average FeTm (D:3)
  Terence (D:3)
  5 adders (D:2)
  An ooze (D:1)
  5 giant geckos
  9 bats
  5 goblins
  3 hobgoblins (D:2)
  5 jackals
  3 kobolds (D:2)
  A ball python (D:1)
  2 giant cockroaches (D:2)
  4 giant newts
  5 rats
50 creatures vanquished.

Notes
Turn   | Place    | Note
--------------------------------------------------------------
     0 | D:1      | topher, the Octopode Assassin, began the quest for the Orb.
     0 | D:1      | Reached XP level 1. HP: 14/14 MP: 1/1
    82 | D:1      | Reached XP level 2. HP: 2/19 MP: 2/2
   369 | D:1      | Reached skill level 6 in Stealth
   435 | D:1      | Found a shattered altar of Ashenzari.
   443 | D:1      | Became a worshipper of Ashenzari the Shackled
   734 | D:2      | Reached XP level 3. HP: 24/24 MP: 3/3
   993 | D:2      | Reached skill level 7 in Stealth
   998 | D:2      | Reached skill level 1 in Short Blades
   998 | D:2      | Reached XP level 4. HP: 29/29 MP: 4/4
  1084 | D:2      | Found a stormy altar of Qazlal.
  1360 | D:2      | Found a snail-covered altar of Cheibriados.
  1384 | D:3      | Noticed Terence
  1386 | D:3      | Killed Terence
  1386 | D:3      | Reached XP level 5. HP: 34/34 MP: 5/5
  1457 | D:3      | Noticed emiel's ghost (average FeTm)
  1461 | D:3      | Killed emiel's ghost
  1461 | D:3      | Reached skill level 8 in Stealth
  1519 | D:3      | Noticed Grinder
  1525 | D:3      | HP: 1/35 [Grinder (6)]
  1531 | D:3      | HP: 1/35 [Grinder (11)]
  1531 | D:3      | Slain by Grinder

Action                   |  1- 3 |  4- 6 || total
-------------------------+-------+-------++-------
Melee: Dagger            |    42 |    44 ||    86
Throw: Javelin           |       |     1 ||     1
  Use: Potion            |       |     3 ||     3
 Stab: Sleeping          |    14 |     6 ||    20
       Distracted        |     1 |     1 ||     2
  Eat: Chunk             |       |     1 ||     1
       Meat ration       |       |     1 ||     1
